TOP OF THE 1ST |
State College Spikes batting - Pitching for Detroit Dirty Snow : LHP Marcos Ortíz
|
Pitching: LHP Marcos Ortíz
|
|
Batting: RHB Nick Mackin
|
0-0: Ball 1-0: Called Strike 1-1: Foul Ball, location: 2F 1-2: Foul Ball, location: 2F 1-2: DOUBLE (Line Drive, 9)
|
Batting: RHB Javier Peña
|
0-0: Ball 1-0: Foul Ball, location: 2F 1-1: Foul Ball, location: 2F 1-2: Foul Ball, location: 2F 1-2: Ball 2-2: Ball 3-2: Ground out 5-3 (Groundball, 56S) Nick Mackin to third
|
Batting: RHB Blair Whitehead
|
0-0: Foul Ball, location: 2F 0-1: Ball 1-1: Foul Ball, location: 2F 1-2: Ball 2-2: SINGLE (Groundball, 6MD) Nick Mackin scores
|
Batting: RHB Mike Ingram
|
0-0: Ball 1-0: SINGLE (Line Drive, 56D) Blair Whitehead to second
|
Batting: LHB Rod Blevins
|
0-0: Foul Ball, location: 2F 0-1: Ball 1-1: Called Strike 1-2: Foul Ball, location: 2F 1-2: Ball 2-2: Foul Ball, location: 2F 2-2: Foul Ball, location: 2F 2-2: Foul Ball, location: 2F 2-2: Strikes out swinging
|
Batting: SHB Thomas Simmons
|
0-0: Called Strike 0-1: Swinging Strike 0-2: Ball 1-2: Fly out, F8 (Flyball, 8RXD)
|
Top of the 1st over - 1 run(s), 3 hit(s), 0 error(s), 2 left on base; State College 1 - Detroit 0 |
BOTTOM OF THE 1ST |
Detroit Dirty Snow batting - Pitching for State College Spikes : RHP Francisco Álvarez
|
Pitching: RHP Francisco Álvarez
|
|
Batting: RHB Phil Wright
|
0-0: Ground out 6-3 (Groundball, 6)
|
Batting: RHB Cristo Souza
|
0-0: Ball 1-0: Ball 2-0: SINGLE (Groundball, 6MD)
|
Batting: LHB Eric Powell
|
0-0: Swinging Strike 0-1: Foul Ball, location: 2F 0-2: SINGLE (Line Drive, 4M) Cristo Souza to second
|
Batting: RHB Arturo Jiménez
|
0-0: Grounds into double play, 4-6-3 (Groundball, 4)
|
Bottom of the 1st over - 0 run(s), 2 hit(s), 0 error(s), 1 left on base; State College 1 - Detroit 0 |
TOP OF THE 2ND |
State College Spikes batting - Pitching for Detroit Dirty Snow : LHP Marcos Ortíz
|
Batting: RHB Scott Lee
|
0-0: Called Strike 0-1: Swinging Strike 0-2: Foul Ball, location: 2F 0-2: Foul Ball, location: 2F 0-2: Foul Ball, location: 2F 0-2: Ball 1-2: Foul Ball, location: 2F 1-2: Strikes out swinging
|
Batting: RHB Joaquín Vásquez
|
0-0: Swinging Strike 0-1: Ball 1-1: Called Strike 1-2: Ball 2-2: Foul Ball, location: 2F 2-2: Ball 3-2: Strikes out swinging
|
Batting: RHB Alonzo Herrera
|
0-0: Called Strike 0-1: Swinging Strike 0-2: Strikes out swinging
|
Top of the 2nd over - 0 run(s), 0 hit(s), 0 error(s), 0 left on base; State College 1 - Detroit 0 |
BOTTOM OF THE 2ND |
Detroit Dirty Snow batting - Pitching for State College Spikes : RHP Francisco Álvarez
|
Batting: RHB Carlos Rocha
|
0-0: Ground out 6-3 (Groundball, 6)
|
Batting: RHB Charlie O'Farrell
|
0-0: Swinging Strike 0-1: Ball 1-1: Foul Ball, location: 2F 1-2: Strikes out swinging
|
Batting: SHB Alan Garland
|
0-0: Foul Ball, location: 2F 0-1: Called Strike 0-2: Foul Ball, location: 2F 0-2: Ball 1-2: Ground out 4-3 (Groundball, 4)
|
Bottom of the 2nd over - 0 run(s), 0 hit(s), 0 error(s), 0 left on base; State College 1 - Detroit 0 |
TOP OF THE 3RD |
State College Spikes batting - Pitching for Detroit Dirty Snow : LHP Marcos Ortíz
|
Batting: RHB Nick Mackin
|
0-0: Ball 1-0: Ball 2-0: Ball 3-0: Base on Balls
|
Batting: RHB Javier Peña
|
0-0: Ball 1-0: Ball 2-0: Ball 3-0: Called Strike 3-1: Called Strike Nick Mackin is caught stealing 2nd base 3-2: Foul Ball, location: 2F 3-2: Ground out 5-3 (Groundball, 56)
|
Batting: RHB Blair Whitehead
|
0-0: DOUBLE (Line Drive, 8LD)
|
Batting: RHB Mike Ingram
|
0-0: Ball 1-0: Called Strike 1-1: Swinging Strike 1-2: Foul Ball, location: 2F 1-2: Ground out 5-3 (Groundball, 5L)
|
Top of the 3rd over - 0 run(s), 1 hit(s), 0 error(s), 1 left on base; State College 1 - Detroit 0 |
BOTTOM OF THE 3RD |
Detroit Dirty Snow batting - Pitching for State College Spikes : RHP Francisco Álvarez
|
Batting: SHB Cristián López
|
0-0: Called Strike 0-1: Reached on error, E1 (Groundball, 13S)
|
Batting: RHB Carlos Salas
|
0-0: Ball 1-0: Foul Ball, location: 2F 1-1: Ball 2-1: Foul Ball, location: 2F 2-2: Ball 3-2: Strikes out swinging
|
Batting: RHB Phil Wright
|
0-0: Fly out, F6 (Line Drive, 6) Lined into DP, 6-3 (Line Drive, 6)
|
Bottom of the 3rd over - 0 run(s), 0 hit(s), 1 error(s), 0 left on base; State College 1 - Detroit 0 |
TOP OF THE 4TH |
State College Spikes batting - Pitching for Detroit Dirty Snow : LHP Marcos Ortíz
|
Batting: LHB Rod Blevins
|
0-0: Ball 1-0: SINGLE (Flyball, 6MD)
|
Batting: SHB Thomas Simmons
|
0-0: Called Strike 0-1: Swinging Strike 0-2: Ball 1-2: Ball 2-2: Strikes out swinging
|
Batting: RHB Scott Lee
|
0-0: Called Strike 0-1: Ball 1-1: Ball 2-1: Called Strike 2-2: Ball 3-2: Base on Balls Rod Blevins to second
|
Batting: RHB Joaquín Vásquez
|
0-0: Foul Ball, location: 2F 0-1: Swinging Strike 0-2: Ball Wild Pitch! Rod Blevins to third Scott Lee to second 1-2: Strikes out looking
|
Batting: RHB Alonzo Herrera
|
0-0: Foul Ball, location: 2F 0-1: Ball 1-1: Swinging Strike 1-2: SINGLE (Line Drive, 3) Rod Blevins scores Scott Lee to third Runner from 3rd tries for Home, SAFE, no throw
|
Pitching: RHP Carl Thomas
|
|
Batting: RHB Nick Mackin
|
0-0: Ball Alonzo Herrera is caught stealing 2nd base
|
Top of the 4th over - 2 run(s), 2 hit(s), 0 error(s), 0 left on base; State College 3 - Detroit 0 |
BOTTOM OF THE 4TH |
Detroit Dirty Snow batting - Pitching for State College Spikes : RHP Francisco Álvarez
|
Batting: RHB Cristo Souza
|
0-0: Ball 1-0: Ball 2-0: Foul Ball, location: 2F 2-1: Foul Ball, location: 2F 2-2: Ball 3-2: Strikes out swinging
|
Batting: LHB Eric Powell
|
0-0: Called Strike 0-1: Ball 1-1: Swinging Strike 1-2: Ball 2-2: SINGLE (Groundball, 34D)
|
Batting: RHB Arturo Jiménez
|
0-0: Ball Eric Powell steals 2nd base 1-0: Foul Ball, location: 2F 1-1: Called Strike 1-2: Ball 2-2: Foul Ball, location: 2F 2-2: Ball 3-2: SINGLE (Groundball, 56D) Eric Powell to third Runner from 3rd tries for Home, SAFE, no throw
|
Batting: RHB Carlos Rocha
|
0-0: Fly out, F5 (Popup, 5L)
|
Batting: RHB Charlie O'Farrell
|
0-0: Ball Arturo Jiménez is caught stealing 2nd base
|
Bottom of the 4th over - 1 run(s), 2 hit(s), 0 error(s), 0 left on base; State College 3 - Detroit 1 |
TOP OF THE 5TH |
State College Spikes batting - Pitching for Detroit Dirty Snow : RHP Carl Thomas
|
Batting: RHB Nick Mackin
|
0-0: Ball 1-0: Swinging Strike 1-1: Swinging Strike 1-2: Foul Ball, location: 2F 1-2: Strikes out swinging
|
Batting: RHB Javier Peña
|
0-0: Ball 1-0: Ball 2-0: Ball 3-0: Called Strike 3-1: Swinging Strike 3-2: Base on Balls
|
Batting: RHB Blair Whitehead
|
0-0: Ball Javier Peña steals 2nd base 1-0: Swinging Strike 1-1: Ground out 6-3 (Groundball, 6) Javier Peña to third
|
Batting: RHB Mike Ingram
|
0-0: Ball 1-0: SINGLE (Line Drive, 9LM) Javier Peña scores
|
Batting: LHB Rod Blevins
|
0-0: Ball 1-0: Foul Ball, location: 2F 1-1: Ball 2-1: SINGLE (Groundball, 4D) Mike Ingram to second Runner from 2nd tries for 3rd, OUT!
|
Top of the 5th over - 1 run(s), 2 hit(s), 0 error(s), 1 left on base; State College 4 - Detroit 1 |
BOTTOM OF THE 5TH |
Detroit Dirty Snow batting - Pitching for State College Spikes : RHP Francisco Álvarez
|
Batting: RHB Charlie O'Farrell
|
0-0: Ball 1-0: Ball 2-0: Called Strike 2-1: Foul Ball, location: 2F 2-2: Strikes out swinging
|
Batting: SHB Alan Garland
|
0-0: Foul Ball, location: 2F 0-1: Ball 1-1: Called Strike 1-2: Ball 2-2: SINGLE (Line Drive, 8LS)
|
Batting: SHB Cristián López
|
0-0: Ball Alan Garland is caught stealing 2nd base 1-0: Foul Ball, location: 2F 1-1: Ground out U3 (Groundball, 3)
|
Bottom of the 5th over - 0 run(s), 1 hit(s), 0 error(s), 0 left on base; State College 4 - Detroit 1 |
TOP OF THE 6TH |
State College Spikes batting - Pitching for Detroit Dirty Snow : RHP Carl Thomas
|
Batting: SHB Thomas Simmons
|
0-0: Called Strike 0-1: Ball 1-1: Foul Ball, location: 2F 1-2: Foul Ball, location: 2F 1-2: Strikes out swinging
|
Batting: RHB Scott Lee
|
0-0: Foul Ball, location: 2F 0-1: Ball 1-1: SINGLE (Groundball, 56S) (infield hit)
|
Batting: RHB Joaquín Vásquez
|
0-0: Fly out, F9 (Flyball, 89M)
|
Batting: RHB Alonzo Herrera
|
0-0: Ball 1-0: Foul Ball, location: 2F 1-1: Ball 2-1: Called Strike 2-2: Strikes out swinging
|
Top of the 6th over - 0 run(s), 1 hit(s), 0 error(s), 1 left on base; State College 4 - Detroit 1 |
BOTTOM OF THE 6TH |
Detroit Dirty Snow batting - Pitching for State College Spikes : RHP Francisco Álvarez
|
Batting: RHB Carlos Salas
|
0-0: Ball 1-0: Foul Ball, location: 2F 1-1: Fly out, F7 (Flyball, 78M)
|
Batting: RHB Phil Wright
|
0-0: Ball 1-0: Called Strike 1-1: SINGLE (Flyball, 7LM)
|
Batting: RHB Cristo Souza
|
0-0: Ball 1-0: Ball Phil Wright is caught stealing 2nd base 2-0: Foul Ball, location: 2F 2-1: SINGLE (Flyball, 8RS)
|
Batting: LHB Eric Powell
|
0-0: Called Strike 0-1: Ball 1-1: Ball 2-1: Ball 3-1: Foul Ball, location: 2F 3-2: SINGLE (Groundball, 6MD) Cristo Souza to second Cristo Souza to third
|
Batting: RHB Arturo Jiménez
|
0-0: Called Strike 0-1: Called Strike 0-2: Ball 1-2: Ball 2-2: Strikes out swinging
|
Bottom of the 6th over - 0 run(s), 3 hit(s), 0 error(s), 2 left on base; State College 4 - Detroit 1 |
TOP OF THE 7TH |
State College Spikes batting - Pitching for Detroit Dirty Snow : RHP Carl Thomas
|
Batting: RHB Nick Mackin
|
0-0: Ball 1-0: SOLO HOME RUN (Line Drive, 9LD), Distance : 339 ft
|
Batting: RHB Javier Peña
|
0-0: Ball 1-0: Foul Ball, location: 2F 1-1: Called Strike 1-2: Reached on error, E4 (Groundball, 4M)
|
Batting: RHB Blair Whitehead
|
0-0: Ball 1-0: Foul Ball, location: 2F 1-1: Ball 2-1: Foul Ball, location: 2F 2-2: SINGLE (Groundball, 6MD) Javier Peña to second
|
Batting: RHB Mike Ingram
|
0-0: Swinging Strike 0-1: Foul Ball, location: 2F 0-2: Ball 1-2: Foul Ball, location: 2F 1-2: Foul Ball, location: 2F 1-2: Strikes out swinging
|
Batting: LHB Rod Blevins
|
0-0: Ball Javier Peña steals 3rd base Blair Whitehead to second 1-0: Intentional Walk
|
Batting: SHB Thomas Simmons
|
0-0: Ball 1-0: Ball 2-0: Called Strike 2-1: GRAND SLAM HOME RUN (Line Drive, 9D), Distance : 390 ft
|
Pitching: LHP Alonso Pineda
|
|
Batting: RHB Scott Lee
|
0-0: Ground out 6-3 (Groundball, 56)
|
Batting: RHB Joaquín Vásquez
|
0-0: Ball 1-0: Ball 2-0: SINGLE (Groundball, 4S) (infield hit)
|
Batting: RHB Alonzo Herrera
|
0-0: Swinging Strike 0-1: Ball 1-1: Ball 2-1: Foul Ball, location: 2F 2-2: Strikes out looking
|
Top of the 7th over - 5 run(s), 4 hit(s), 1 error(s), 1 left on base; State College 9 - Detroit 1 |
BOTTOM OF THE 7TH |
Detroit Dirty Snow batting - Pitching for State College Spikes : RHP Francisco Álvarez
|
Batting: RHB Carlos Rocha
|
0-0: Foul Ball, location: 2F 0-1: Ground out 5-3 (Groundball, 56)
|
Batting: RHB Charlie O'Farrell
|
0-0: Ball 1-0: SINGLE (Groundball, 56S) (infield hit)
|
Pitching: RHP Willis Springer
|
|
Batting: SHB Alan Garland
|
0-0: Ball 1-0: Swinging Strike 1-1: Ball 2-1: Ball 3-1: Called Strike 3-2: Base on Balls Charlie O'Farrell to second
|
Batting: SHB Cristián López
|
0-0: Ball 1-0: Fly out, F8 (Flyball, 8LS)
|
Batting: RHB Carlos Salas
|
0-0: Ball 1-0: Swinging Strike 1-1: Ball 2-1: DOUBLE (Line Drive, 7) Charlie O'Farrell scores Alan Garland to third
|
Batting: RHB Phil Wright
|
0-0: Called Strike 0-1: Ball 1-1: Foul Ball, location: 2F 1-2: Fly out, F8 (Flyball, 8RM)
|
Bottom of the 7th over - 1 run(s), 2 hit(s), 0 error(s), 2 left on base; State College 9 - Detroit 2 |
TOP OF THE 8TH |
State College Spikes batting - Pitching for Detroit Dirty Snow : LHP Alonso Pineda
|
Batting: RHB Nick Mackin
|
0-0: Called Strike 0-1: Foul Ball, location: 2F 0-2: Foul Ball, location: 2F 0-2: Ball 1-2: SINGLE (Groundball, 4MD)
|
Batting: RHB Javier Peña
|
0-0: Hit by Pitch Nick Mackin to second
|
Batting: RHB Blair Whitehead
|
0-0: Ball 1-0: Ball 2-0: Fly out, F7 (Flyball, 78M)
|
Batting: RHB Mike Ingram
|
0-0: Grounds into double play, 5-4-3 (Groundball, 56)
|
Top of the 8th over - 0 run(s), 1 hit(s), 0 error(s), 1 left on base; State College 9 - Detroit 2 |
BOTTOM OF THE 8TH |
Detroit Dirty Snow batting - Pitching for State College Spikes : RHP Willis Springer
|
Batting: RHB Cristo Souza
|
0-0: Called Strike 0-1: Fly out, F7 (Flyball, 7)
|
Batting: LHB Eric Powell
|
0-0: Swinging Strike 0-1: Ball 1-1: Ball 2-1: Foul Ball, location: 2F 2-2: Ball 3-2: SINGLE (Groundball, 34D)
|
Batting: RHB Arturo Jiménez
|
0-0: Swinging Strike 0-1: Ball 1-1: Foul Ball, location: 2F 1-2: Strikes out looking
|
Batting: RHB Carlos Rocha
|
0-0: Ball 1-0: Swinging Strike 1-1: Fly out, F8 (Flyball, 89M)
|
Bottom of the 8th over - 0 run(s), 1 hit(s), 0 error(s), 1 left on base; State College 9 - Detroit 2 |
TOP OF THE 9TH |
State College Spikes batting - Pitching for Detroit Dirty Snow : LHP Alonso Pineda
|
Batting: LHB Rod Blevins
|
0-0: Ball 1-0: Ground out U3 (Groundball, 3)
|
Batting: SHB Thomas Simmons
|
0-0: Called Strike 0-1: Ball 1-1: Called Strike 1-2: Strikes out swinging
|
Batting: RHB Scott Lee
|
0-0: Ball 1-0: Foul Ball, location: 2F 1-1: Ball 2-1: Ball 3-1: Foul Ball, location: 2F 3-2: Fly out, F2 (Popup, 3S)
|
Top of the 9th over - 0 run(s), 0 hit(s), 0 error(s), 0 left on base; State College 9 - Detroit 2 |
BOTTOM OF THE 9TH |
Detroit Dirty Snow batting - Pitching for State College Spikes : RHP Willis Springer
|
Batting: RHB Charlie O'Farrell
|
0-0: SOLO HOME RUN (Flyball, 78XD), Distance : 423 ft
|
Batting: SHB Alan Garland
|
0-0: Ball 1-0: Ground out U3 (Groundball, 34)
|
Batting: SHB Cristián López
|
0-0: Ball 1-0: Ball 2-0: Ball 3-0: Base on Balls
|
Batting: RHB Carlos Salas
|
0-0: Called Strike 0-1: Grounds into double play, 6-4-3 (Groundball, 6)
|
Bottom of the 9th over - 1 run(s), 1 hit(s), 0 error(s), 0 left on base; State College 9 - Detroit 3 |
|